AoeStats
← kkkg

Arena

507927890Analyzed
2v2 RM · 11d ago on Sep 20, 2026· 101m 42s· 4 players
Game mode
Random Map
Map size
Medium (4 player)
Population
200
Speed
Normal
Resources
Standard
Victory
Conquest
Starting age
Dark Age
Ending age
Imperial Age
RankedLock teamsTeams togetherTeam positionsShared explorationLock speedFull tech treeHidden civsTurbo modeCheats
Victory
Defeat
🇨🇳 Burgundians · China
985
+17
🇨🇳 Franks · China
957
+18
🇷🇴 Bohemians · Romania
1004
-48
🇷🇴 Britons · Romania
1004
-51
笨手笨脚还爱玩
0:28 Loom
11:41 Feudal Age
16:33 Castle Age
22:18 Fletching
24:18 Double-Bit Axe
28:15 Ballistics
35:35 Imperial Age
38:41 Husbandry
46:14 Cavalier
49:51 Wheelbarrow
50:57 Masonry
52:55 Bow Saw
53:25 Scale Barding Armor
53:32 Forging
56:28 Hand Cart
56:51 Chain Barding Armor
57:07 Iron Casting
56:29 Bodkin Arrow
56:34 Padded Archer Armor
58:26 Chemistry
58:04 Paladin
58:49 Padded Archer Armor
59:02 Elite Skirmisher
60:22 Plate Barding Armor
60:49 Blast Furnace
61:46 Leather Archer Armor
61:32 Scale Mail Armor
62:07 Architecture
61:49 Fortified Wall
63:48 Murder Holes
69:41 Squires
69:27 Arson
69:03 Pikeman
70:31 Heavy Scorpion
71:33 Halberdier
79:49 Light Cavalry
99:46 Conscription
101:25 Chain Mail Armor
kkkg
7:16 Double-Bit Axe
9:48 Horse Collar
13:08 Feudal Age
14:35 Bow Saw
14:29 Heavy Plow
17:17 Castle Age
18:43 Husbandry
22:06 Wheelbarrow
26:45 Gold Mining
26:46 Stone Mining
29:45 Imperial Age
27:31 Hand Cart
28:13 Loom
28:14 Town Watch
28:27 Fletching
28:38 Padded Archer Armor
28:49 Forging
28:35 Treadmill Crane
29:16 Ballistics
29:08 Masonry
28:55 Murder Holes
30:18 Burgundian Vineyards
30:52 Gold Shaft Mining
30:52 Stone Shaft Mining
31:22 Two-Man Saw
31:41 Chemistry
31:01 Town Patrol
31:23 Leather Archer Armor
31:03 Bodkin Arrow
32:43 Architecture
32:39 Conscription
32:47 Bracer
33:23 Iron Casting
34:13 Scale Barding Armor
36:29 Blast Furnace
35:49 Chain Barding Armor
36:05 Elite Coustillier
37:38 Elite Skirmisher
42:56 Chain Barding Armor
50:13 Crop Rotation
51:49 Caravan
52:00 Guilds
59:18 Light Cavalry
60:06 Hussar
64:23 Flemish Revolution
SPIKE
2:01 Loom
11:09 Feudal Age
12:42 Wheelbarrow
11:50 Horse Collar
12:00 Double-Bit Axe
13:34 Gold Mining
19:24 Castle Age
18:40 Man-at-Arms
19:44 Forging
19:37 Scale Mail Armor
19:37 Long Swordsman
21:13 Hand Cart
22:11 Heavy Plow
22:24 Bow Saw
28:06 Gold Shaft Mining
27:52 Squires
27:48 Fletching
30:54 Bodkin Arrow
31:01 Padded Archer Armor
33:04 Yeomen
36:54 Imperial Age
37:17 Elite Longbowman
38:41 Iron Casting
38:22 Chain Mail Armor
38:08 Bracer
38:24 Leather Archer Armor
37:34 Two-Handed Swordsman
38:46 Champion
42:31 Blast Furnace
49:27 Masonry
49:15 Murder Holes
49:45 Ballistics
50:27 Chemistry
50:15 Ring Archer Armor
50:16 Plate Mail Armor
49:11 Pikeman
50:14 Halberdier
71:22 Herbal Medicine
73:50 Herbal Medicine
80:09 Two-Man Saw
Tofenos
9:16 Loom
11:02 Feudal Age
15:59 Castle Age
21:07 Fletching
23:11 Double-Bit Axe
24:12 Bodkin Arrow
32:48 Wheelbarrow
32:32 Bow Saw
40:36 Imperial Age
41:33 Hand Cart
47:19 Chemistry
49:01 Pikeman
49:42 Squires
50:14 Scale Mail Armor
49:59 Horse Collar
52:02 Town Watch
56:17 Halberdier
56:43 Arson
57:32 Conscription
58:09 Wagenburg Tactics
58:45 Chain Mail Armor
58:41 Forging
63:58 Houfnice
67:28 Iron Casting
67:24 Plate Mail Armor
80:21 Ballistics
80:22 Bombard Tower
79:48 Arrowslits
80:14 Masonry
80:00 Murder Holes
80:11 Siege Engineers
80:17 Fortified Wall
79:58 Guard Tower
88:17 Two-Man Saw
Connection lost

Rejoining the realm…

Still unreachable

The connection could not be restored.

Session expired

The server has moved on; the page needs a fresh start.